 Dungeon Crawl Stone Soup version 0.27.1-2-g3b301248ec (webtiles) character file.

Game seed: 15201184937084067773

2006 Descartes the Destroyer (level 9, -4/45 HPs)
             Began as a Deep Elf Wanderer on Oct 2, 2021.
             Killed by divine providence
             ... invoked by an orc priest
              (15 damage)
             ... on level 6 of the Dungeon.
             The game lasted 00:21:26 (6853 turns).

Descartes the Destroyer (Deep Elf Wanderer)         Turns: 6853, Time: 00:21:26

Health: -4/45      AC: 10    Str:  8    XL:     9   Next: 2%
Magic:  23/25      EV: 13    Int: 21    God:
Gold:   205        SH:  0    Dex: 15    Spells: 8/28 levels left

rFire    . . .     SeeInvis .   v - +9 hand axe of Qeudghag {freeze, Fragile rN+ Stlth+}
rCold    . . .     Faith    .   (no shield)
rNeg     + . .     Spirit   .   J - +0 steam dragon scales
rPois    .         Reflect  .   z - +0 helmet
rElec    .         Harm     .   (no cloak)
rCorr    .         Rampage  .   (no gloves)
Will     .....                  (no boots)
Stlth    ++++......             (no amulet)
HPRegen  0.15/turn              x - +4 ring of protection
MPRegen  0.19/turn              (no ring)

@: no status effects
A: no striking features
a: no special abilities


You were on level 6 of the Dungeon.
You visited 1 branch of the dungeon, and saw 6 of its levels.

You collected 301 gold pieces.
You spent 96 gold pieces at shops.

Inventory:

Hand Weapons
 g - a +2 whip of flaming
 r - a +0 hand crossbow
 v - the +9 hand axe of Qeudghag (weapon) {freeze, Fragile rN+ Stlth+}
   (You found it on level 5 of the Dungeon)

   It freezes those it strikes, dealing additional cold damage.
   It can also slow down cold-blooded creatures.
   rN:        It protects you from negative energy.
   Fragile:   It will be destroyed if unequipped.
   Stlth:     It makes you more stealthy.
 D - a +4 long sword
Missiles
 a - 3 curare-tipped darts
 b - 8 javelins
 d - 163 stones (quivered)
 e - 79 sling bullets
 k - 18 arrows
 s - 10 boomerangs
 A - 51 bolts
 I - 5 poisoned darts
Armour
 z - a +0 helmet (worn)
 J - +0 steam dragon scales (worn)
Magical Staves
 q - a staff of earth
Jewellery
 x - a +4 ring of protection (left hand)
Scrolls
 h - a scroll of noise {unknown}
 i - a scroll of magic mapping {unknown}
 l - a scroll of identify {unknown}
 m - a scroll of vulnerability {unknown}
 n - a scroll of brand weapon {unknown}
 o - a scroll of acquirement {unknown}
 u - a scroll of immolation {unknown}
 y - a scroll of enchant armour {unknown}
 B - a scroll of fear {unknown}
 C - 2 scrolls of teleportation
 E - a scroll of holy word
 G - a scroll of silence {unknown}
Potions
 c - 2 potions of flight {unknown}
 f - a potion of lignification {unknown}
 j - a potion of degeneration {unknown}
 p - 2 potions of curing {unknown}
 t - a potion of mutation {unknown}
 w - a potion of resistance {unknown}
 F - 2 potions of brilliance {unknown}
 H - a potion of magic


   Skills:
 + Level 3.1 Dodging
 + Level 3.7 Stealth
 - Level 1.0 Shields
 - Level 10.0 Spellcasting
 - Level 10.0 Conjurations
 - Level 5.0 Hexes
 + Level 0.0 Translocations
 - Level 1.1 Ice Magic


You had 8 spell levels left.
You knew the following spells:

 Your Spells              Type           Power      Damage    Failure   Level
a - Magic Dart            Conj           100%       1d8       1%          1
b - Searing Ray           Conj           100%       3d7       1%          2
c - Freeze                Ice            60%        1d8       4%          1
d - Dazzling Flash        Conj/Hex       84%        N/A       1%          3
e - Invisibility          Hex            15%        N/A       77%         6
f - Iskenderun's Mystic   Conj/Tloc      31%        2d8       9%          4
g - Teleport Other        Tloc           10%        N/A       19%         3

Your spell library contained the following spells:

 Spells                   Type           Power      Damage    Failure   Level
 Fulminant Prism          Conj/Hex       21%        3d13      3%          4
 Passwall                 Tmut/Erth      8%         N/A       10%         2
 Frozen Ramparts          Ice            30%        1d5       12%         3
 Gell's Gravitas          Tloc           5%         N/A       19%         3
 Lesser Beckoning         Tloc           5%         N/A       19%         3
 Swiftness                Air            10%        N/A       19%         3
 Animate Dead             Necr           5%         N/A       54%         4
 Haunt                    Necr/Summ      5%         N/A       100%        7
 Infestation              Necr           5%         N/A       100%        8


Dungeon Overview and Level Annotations

Branches:
Dungeon (6/15)
 Temple: D:4-7

Altars:
Hepliaklqana
Makhleb
Sif Muna
Zin

Shops:
D:2 *


Message History

You open the door.
There is an open door here.
There is an open door here.
There is an open door here.
There is an open door here.
An orc priest comes into view. It is wielding a +0 flail.
Casting: Searing Ray (safe; 1% risk of failure)
Confirm with . or Enter, or press ? or * to list all spells.
Aiming: Magic Dart (safe; 1% risk of failure)
Press: ? - help, Shift-Dir - straight line, f - orc priest
Aim: an orc priest, wielding a +0 flail (asleep, 100% to hit)
The magic dart hits the orc priest.
The orc priest is lightly wounded.
The orc priest shouts!
The orc priest mumbles some strange prayers to Beogh against you.
Beogh smites you!
You hear a shout!
Casting: Magic Dart (safe; 1% risk of failure)
Confirm with . or Enter, or press ? or * to list all spells.
Aiming: Magic Dart (safe; 1% risk of failure)
Press: ? - help, Shift-Dir - straight line, f/p - orc priest
Aim: an orc priest, wielding a +0 flail (lightly wounded, 100% to hit)
The magic dart hits the orc priest!
The orc priest is severely wounded.
The orc priest mumbles some strange prayers to Beogh against you.
Beogh smites you!
Casting: Magic Dart (safe; 1% risk of failure)
Confirm with . or Enter, or press ? or * to list all spells.
Aiming: Magic Dart (safe; 1% risk of failure)
Press: ? - help, Shift-Dir - straight line, f/p - orc priest
Aim: an orc priest, wielding a +0 flail (heavily wounded, 100% to hit)
The magic dart hits the orc priest.
The orc priest is almost dead.
An orc priest comes into view. It is wielding a +0 short sword.
The orc priest invokes the aid of Beogh against you.
Beogh smites you!
* * * LOW HITPOINT WARNING * * *
The orc priest calls down the wrath of Beogh upon you.
Beogh smites you!
You die...

##...............#
#......###'#######
#......'..........
#......#..).......
#.....)#..........
######......###########
#........####...###..##
#........#............#
#........'...@........#
#........#............'.
#........###########o##.
####'##'##....# .o
#...#........# .
#...#........#
#...#........#
##############


You could see an orc priest.

Vanquished Creatures
  A steam dragon (D:6)
  A sky beast (D:5)
  An ice beast (D:5)
  An orc warrior (D:6)
  4 ogres
  A kobold brigand (D:6)
  A wyvern zombie (D:6)
  3 scorpions (D:6)
  A water moccasin skeleton (D:5)
  7 wights
  A bullfrog zombie (D:5)
  A bullfrog skeleton (D:6)
  3 orc priests (D:6)
  A gnoll shaman (D:6)
  4 hounds
  An iguana (D:5)
  3 orc wizards
  A hound zombie (D:5)
  A hound skeleton (D:4)
  4 gnolls (D:6)
  A howler monkey skeleton (D:5)
  5 adders
  An ufetubus (D:5)
  3 worms
  3 dart slugs (D:1)
  15 orcs
  2 ball pythons
  5 endoplasms
  3 giant cockroaches
  6 goblins
  9 hobgoblins
  4 jackals (D:4)
  A quokka (D:3)
  6 bats
  3 frilled lizards
  16 kobolds
  A rat (D:2)
125 creatures vanquished.

Vanquished Creatures (others)
  2 plants (D:2)
2 creatures vanquished.

Grand Total: 127 creatures vanquished

Notes
Turn   | Place    | Note
-------+----------+-------------------------------------------
     0 | D:1      | Descartes the Deep Elf Wanderer began the quest for the
                  | Orb.
     0 | D:1      | Descartes set off with the following items: a +0 dagger, a
                  | +0 robe; and the following spells available to memorise:
                  | Magic Dart, Freeze, Searing Ray, Dazzling Flash, Frozen
                  | Ramparts, Fulminant Prism, Iskenderun's Mystic Blast
     0 | D:1      | Reached XP level 1. HP: 10/10 MP: 10/10
     2 | D:1      | Learned a level 1 spell: Magic Dart
     4 | D:1      | Learned a level 1 spell: Freeze
   373 | D:1      | Reached XP level 2. HP: 15/15 MP: 8/12
   894 | D:1      | Learned a level 2 spell: Searing Ray
  1188 | D:2      | Found Nuzaptuk's General Store.
  1214 | D:2      | Reached XP level 3. HP: 19/19 MP: 9/13
  1725 | D:2      | Found a burning altar of Makhleb.
  2268 | D:3      | Found a faded altar of an unknown god.
  2313 | D:3      | Reached XP level 4. HP: 24/24 MP: 11/15
  2678 | D:3      | Reached skill level 5 in Conjurations
  2766 | D:3      | Found a hazy altar of Hepliaklqana.
  3118 | D:4      | Noticed an ogre
  3126 | D:4      | Killed an ogre
  3127 | D:4      | Reached XP level 5. HP: 28/28 MP: 8/16
  3543 | D:4      | Found a shimmering blue altar of Sif Muna.
  3543 | D:4      | Found a glowing silver altar of Zin.
  3571 | D:4      | Reached XP level 6. HP: 32/32 MP: 10/18
  4064 | D:5      | Entered Level 5 of the Dungeon
  4098 | D:5      | Reached XP level 7. HP: 36/36 MP: 12/19
  4406 | D:5      | Learned a level 3 spell: Dazzling Flash
  4583 | D:5      | Reached skill level 10 in Conjurations
  4590 | D:5      | Learned a level 6 spell: Invisibility
  4653 | D:5      | Reached skill level 1 in Hexes
  4781 | D:5      | You fall into a shaft and drop 1 floor!
  4793 | D:6      | Reached XP level 8. HP: 31/41 MP: 14/21
  4921 | D:5      | Identified the +9 hand axe of Qeudghag {freeze, Fragile rN+
                  | Stlth+}
  5677 | D:2      | Bought a potion of magic for 96 gold pieces
  6152 | D:6      | Reached skill level 5 in Hexes
  6518 | D:6      | Reached skill level 10 in Spellcasting
  6588 | D:6      | Reached skill level 1 in Dodging
  6640 | D:6      | Reached XP level 9. HP: 45/45 MP: 7/25
  6815 | D:6      | Learned a level 4 spell: Iskenderun's Mystic Blast
  6819 | D:6      | Learned a level 3 spell: Teleport Other
  6853 | D:6      | Killed from afar by an orc priest

Illustrated notes

Levels and vault maps discovered:
D:1:      amcnicky_arrival_underground_garden, layout_basic, minivault_19,
          minmay_misc_feat_doors, grunt_decor_clamped
D:2:      layout_loops_ring, basic_altar, serial_shops, nicolae_shop_trees,
          serial_bayou_pond_a, eino_tiny_chamber
D:3:      minmay_wonky_spiral, layout_loops_ring,
          mainiacjoe_overflow_six_doors_small,
          hellmonk_ecumenical_altar_heavens_door, grunt_decor_junction
D:4:      layout_basic, chequers_temple_overflow_statue_of_worship
D:5:      layout_rooms, minmay_misc_feat_alley
D:6:      layout_gridville, temple_pool_b, grunt_ministairs_10

Skill      XL: |  1  2  3  4  5  6  7  8  9 |
---------------+----------------------------+-----
Conjurations   | 3 4 6 7 8 10 | 10.0
Hexes          | 2 5 |  5.0
Spellcasting   | 10 | 10.0
Dodging        | 2 3 |  3.1
Stealth        | 3 |  3.7
Shields        | |  1.0
Ice Magic      | |  1.1

Action                   |  1- 3 |  4- 6 |  7- 9 || total
-------------------------+-------+-------+-------++-------
Melee: Whip              |       |       |    20 ||    20
 Cast: Magic Dart        |   103 |    77 |    55 ||   235
       Searing Ray       |       |     8 |    36 ||    44
  Use: Scroll            |       |       |     3 ||     3
       Potion            |       |       |     2 ||     2
Armor: Robe              |     5 |     6 |    13 ||    24
       Steam dragon scal |       |       |     2 ||     2
Dodge: Dodged            |     4 |     6 |    31 ||    41
